Description

BO proposé sur Ogaming TV

VOD

https://www.youtube.com/watch?v=JZLYnAVbd1Y

Build Order

Why is there no SALT encoding or Overwolf build?

  14  0:20  Pylon  
  16  0:40  Gateway  
  16  0:55  Assimilator  
  17  0:57  Assimilator  
  19  1:15  Gateway  
  20  1:30  Cybernetics Core  
  21  2:02  Pylon x2   1 proxy + 1 standard
  23  2:06  Warp Gate (Chrono Boost)  
  27  2:10  Stalker  en continu
  27  2:23  Gateway  proxy
  32  2:52  Gateway  
      Action  
Spawning Tool Build Advisor. Get it on Overwolf

Go to:

Details

  • Created by: shaltarus
  • Published on: Apr 14, 2018
  • Modified on: Apr 14, 2018
  • Patch: 4.0.0
Show

Export as new Build Order

Comments (0)

There are no comments. Be the first!

Create an account to comment!